 Dungeon Crawl Stone Soup version 0.31-a0-1204-ge2c1a860ed (webtiles) character file.

Game seed: 9692464878670547871

1883 lunkers the Martial Artist (level 9, -5/61 (64) HPs)
             Began as a Meteoran Shapeshifter on Dec 12, 2023.
             Slain by a wight
             ... wielding a +3 halberd
              (9 damage)
             ... on level 6 of the Dungeon on Dec 13, 2023.
             The game lasted 00:07:28 (2462 turns).

lunkers the Martial Artist (Meteoran Shapeshifter)  Turns: 2462, Time: 00:07:28

HP:   -5/61 (64)    AC:  5    Str: 17    XL:     9   Next: 63%
MP:   19/19         EV: 16    Int: 12    God:
Gold: 291           SH:  0    Dex: 17    Spells: 8/8 levels left

rFire   . .          .
                       - Unarmed
rCold   . . .        (shield currently unavailable)
rNeg    . . .        g - melded +1 ring mail
rPois   +            (no helmet)
rElec   .            f - +2 cloak
rCorr   .            q - +0 pair of gloves
SInv    .            h - +0 pair of boots
Will    +....        (no amulet)
Stlth   +            l - ring of magical power
HPRegen 0.30/turn    n - ring of poison resistance
MPRegen 0.16/turn

%: no passive effects
@: flux-form, glowing, lightly drained
A: glow, contaminating, sense surroundings 2, otherworldly, glowing, explore
regen
a: Begin Untransformation


You were on level 6 of the Dungeon.
You were something dangerously unstable.
You visited 1 branch of the dungeon, and saw 6 of its levels.

You collected 291 gold pieces.

Inventory:

Hand Weapons
 s - the +6 shillelagh "Devastator" {shatter}
   (You found it on level 5 of the Dungeon)
Missiles
 j - 3 curare-tipped darts
Armour
 a - a +0 animal skin
 f - a +2 cloak (worn)
 g - a +1 ring mail (melded)
 h - a +0 pair of boots (worn)
 q - a +0 pair of gloves (worn)
Jewellery
 l - a ring of magical power (left hand)
 n - a ring of poison resistance (right hand)
 t - a +6 ring of strength
Talismans
 c - a beast talisman
 d - a flux talisman (active)
Wands
 b - a wand of flame (4)
Scrolls
 k - a scroll of teleportation
 o - 2 scrolls of vulnerability
 u - a scroll of identify
 v - a scroll of enchant armour
Potions
 e - a potion of heal wounds
 i - 5 potions of brilliance
 m - a potion of ambrosia {unknown}
 p - a potion of curing {unknown}
 r - 2 potions of degeneration {unknown}


   Skills:
 - Level 1.1 Fighting
 - Level 2.1 Dodging
 * Level 11.8 Unarmed Combat
 + Level 8.2 Shapeshifting


You had 8 spell levels left.
You didn't know any spells.
Your spell library contained the following spells:

 Spells                   Type           Power      Damage    Failure   Level
 Ignite Poison            Fire/Tmut/Pois 0%         N/A       69%         3
 Sticky Flame             Conj/Fire      0%         2d3       97%         4
 Haunt                    Necr/Summ      0%         N/A       100%        7
 Borgnjor's Revivificati  Necr           0%         N/A       100%        8
 Ignition                 Fire           0%         3d3       100%        8
 Death's Door             Necr           0%         N/A       100%        9


Dungeon Overview and Level Annotations

Branches:
Dungeon (6/15) Zot: 1177
 Temple: D:4-7

Altars:
Elyvilon
Qazlal
Yredelemnul
Zin

Shops:
D:5 [[(:


Innate Abilities, Weirdness & Mutations

You are something dangerously unstable.
You glow with magical radiation, making you easy to see and hit.
Foes you strike become dangerously contaminated with magical radiation.
You are incapable of wielding weapons or throwing items.
You passively map the area around you.
You are easily found by Zot.
You glow in the dark.
You regain HP and MP as you explore.


Message History

You hit the wight.
The wight begins to glow.
The wight is lightly damaged.
The wight hits you with a +5 war axe.
You feel drained. The wight misses you.
You hit the wight.
The wight glows dangerously bright.
The wight is lightly damaged.
You hit the wight.
The wight shudders as magic cascades through it!
The wight is almost destroyed.
The wight closely misses you. The wight hits you with a +5 war axe!
* * * LOW HITPOINT WARNING * * *
You feel drained.
* * * LOW HITPOINT WARNING * * *
You barely miss the wight.
The wight is almost destroyed.
The wight closely misses you. x2
You hit the wight but do no damage.
The wight begins to glow.
The wight is almost destroyed.
The wight hits you with a +5 war axe!
* * * LOW HITPOINT WARNING * * *
The wight hits you from afar with a +3 halberd!
* * * LOW HITPOINT WARNING * * *
You barely miss the wight.
The wight is almost destroyed.
The wight barely misses you. The wight misses you.
You punch the wight!
You destroy the wight!
A wight comes into view. It is wielding a +0 spear.
The wight hits you with a +0 spear!
* * * LOW HITPOINT WARNING * * *
The wight barely misses you.
There is an open door here.
Things that are here:
a +5 war axe; a +0 robe You barely miss the wight.
The wight hits you with a +0 spear.
* * * LOW HITPOINT WARNING * * *
The wight closely misses you.
You barely miss the wight. The wight hits you with a +0 spear.
* * * LOW HITPOINT WARNING * * *
You feel drained. The wight hits you with a +3 halberd!
You die...

#..............#...
#..............#...
#######...##...+...
#....##...##...#...
#.........######...
#.........#........
#.........#........
#.)..##...#........
##p####...#.....)..
#zzz.#....#........
#....#....#........
#....#....#........
#....##...###'###..
#....##.........#..
#.....#.........#..
#.....#.........#..
* , , #...#######..


You could see 3 wights.

Vanquished Creatures
  Pikel (D:5)
  Eustachio (D:5)
  Menkaure (D:5)
  A water moccasin (D:5)
  2 black bears (D:5)
  2 ogres (D:5)
  A phantom (D:5)
  4 lemures (D:5)
  3 scorpions
  2 wights (D:6)
  A hound (D:6)
  3 orc priests (D:5)
  3 iguanas (D:5)
  An orc wizard (D:5)
  2 adders
  3 gnolls (D:5)
  A worm (D:2)
  11 orcs
  4 giant cockroaches
  3 goblins (D:1)
  7 hobgoblins
  2 jackals (D:1)
  6 quokkas
  A ball python (D:1)
  4 bats
  8 kobolds
  2 rats (D:1)
80 creatures vanquished.

Notes
Turn   | Place    | Note
-------+----------+-------------------------------------------
     0 | D:1      | lunkers the Meteoran Shapeshifter began the quest for the
                  | Orb.
     0 | D:1      | Reached XP level 1. HP: 16/16 MP: 2/2
   138 | D:1      | Reached skill level 4 in Unarmed Combat
   138 | D:1      | Reached XP level 2. HP: 14/23 MP: 3/3
   223 | D:1      | Reached XP level 3. HP: 28/28 MP: 4/4
   426 | D:2      | Found a glowing silver altar of Zin.
   777 | D:3      | Reached XP level 4. HP: 26/35 MP: 5/5
   928 | D:3      | Reached skill level 5 in Unarmed Combat
  1692 | D:4      | Noticed a scorpion
  1709 | D:4      | Killed a scorpion
  1710 | D:4      | Reached XP level 5. HP: 22/40 MP: 6/6
  1751 | D:5      | Entered Level 5 of the Dungeon
  1760 | D:5      | Reached skill level 6 in Unarmed Combat
  1798 | D:5      | Found Ciwedd's Antique Armour Shop.
  1800 | D:5      | Noticed a lemure
  1800 | D:5      | Noticed a lemure
  1801 | D:5      | Noticed a lemure
  1801 | D:5      | Noticed Pikel
  1802 | D:5      | Noticed a lemure
  1814 | D:5      | Killed a lemure
  1823 | D:5      | Reached XP level 6. HP: 11/47 MP: 7/7
  1857 | D:5      | Killed Pikel
  1858 | D:5      | Reached skill level 8 in Unarmed Combat
  1858 | D:5      | Reached XP level 7. HP: 24/52 MP: 8/8
  1858 | D:5      | Reached XP level 8. HP: 28/59 MP: 9/9
  1879 | D:5      | Found Emmoimo's Antique Weapon Shop.
  1885 | D:5      | Reached skill level 9 in Unarmed Combat
  1933 | D:5      | Found a basalt altar of Yredelemnul.
  1961 | D:5      | Found a stormy altar of Qazlal.
  2044 | D:5      | Reached skill level 10 in Unarmed Combat
  2125 | D:5      | Noticed Eustachio
  2133 | D:5      | Killed Eustachio
  2134 | D:5      | Gained mutation: You passively map the area around you.
                  | [Meteoran growth]
  2134 | D:5      | Reached XP level 9. HP: 54/64 MP: 10/10
  2148 | D:5      | Found Leskesisem's Book Shop.
  2188 | D:5      | Found a white marble altar of Elyvilon.
  2235 | D:5      | Found the +6 shillelagh "Devastator" {shatter}
  2236 | D:5      | Noticed Menkaure
  2240 | D:5      | Killed Menkaure
  2241 | D:5      | Reached skill level 11 in Unarmed Combat
  2286 | D:5      | Found Oqosodd's Antique Armour Shop.
  2462 | D:6      | Slain by a wight

Illustrated notes

Levels and vault maps discovered:
D:1:      evilmike_arrival_hilbert_curve, layout_rooms, chequers_jeans
D:2:      layout_loops_cross, basic_altar, kennysheep_generic_room_14
D:3:      layout_basic, shapermc_ecumenical_altar_gd, minmay_misc_feat_tower
D:4:      layout_loops_corners
D:5:      layout_loops_ring, lemuel_round_altar,
          nicolae_elyvilon_peaceful_grove, mainiacjoe_overflow_chevrons,
          serial_shops, nicolae_stop_n_shop_2, nicolae_shop_tiny_statue_garden,
          shop, shop, shop, dilly_guarded_unrand_devastator, uniq_pikel,
          uniq_eustachio, uniq_menkaure, uniq_crazy_yiuf_cottage
D:6:      layout_gridville, ebering_ghost_sewer_d

Skill      XL: |  1  2  3  4  5  6  7  8  9 |
---------------+----------------------------+-----
Unarmed Combat | 4 5 6 8 10 11 | 11.8
Shapeshifting  | 4 6 7 8 |  8.2
Fighting       | |  1.1
Dodging        | |  2.1

Action                     |  1- 3 |  4- 6 |  7- 9 || total
---------------------------+-------+-------+-------++-------
  Melee: Unarmed           |    72 |    96 |   128 ||   296
         Punch             |       |       |     1 ||     1
    Use: Scroll            |     1 |     6 |       ||     7
         Potion            |       |     2 |       ||     2
 Armour: Animal skin       |    16 |       |       ||    16
         Ring mail         |    23 |    13 |       ||    36
         Skin              |       |    41 |    60 ||   101
  Dodge: Dodged            |    42 |    40 |    74 ||   156
   Form: Flux              |       |     1 |       ||     1

Table legend: (Time is in decaauts)
 A = Elapsed time spent in this place.
 B = Non-inter-level travel time spent in this place.
 C = Inter-level travel time spent in this place.
 D = Time resting spent in this place.
 E = Time spent auto-exploring this place.
 F = Levels seen in this place.
 G = Mean time per level.
                   A        B        C        D        E       F      G
               +--------+--------+--------+--------+--------+-----+--------+
         Total |   2422 |   2340 |     82 |    100 |   1553 |   6 |  403.7 |
       Dungeon |   2422 |   2340 |     82 |    100 |   1553 |   6 |  403.7 |
               +--------+--------+--------+--------+--------+-----+--------+

Top non-repeatable levels by time:
     D:4: 638 daAuts
     D:5: 483 daAuts
     D:3: 454 daAuts
     D:2: 379 daAuts
     D:1: 313 daAuts
     D:6: 151 daAuts
